 Dungeon Crawl Stone Soup version 0.29-a0-23-ga79f92ac9c (webtiles) character file.

Game seed: 1928560929334038093

15 HallandMoats the Skirmisher (level 2, 19/19 HPs)
             Began as a Gargoyle Fighter on Jan 31, 2022.
             Was a Follower of Sif Muna.
             Got out of the dungeon alive.
             The game lasted 00:00:49 (420 turns).

HallandMoats the Skirmisher (Gargoyle Fighter)       Turns: 420, Time: 00:00:49

Health: 19/19      AC: 10    Str: 19    XL:     2   Next: 50%
Magic:  2/2        EV:  9    Int:  8    God:    Sif Muna [*.....]
Gold:   49         SH:  4    Dex:  9    Spells: 1/1 levels left

rFire   . . .      SeeInvis .   a - +0 war axe
rCold   . . .      Faith    .   c - +0 buckler
rNeg    + . .      Spirit   .   b - +0 scale mail
rPois   ∞          Reflect  .   (no helmet)
rElec   +          Harm     .   e - scarf {repulsion}
rCorr   .          Rampage  .   f - +0 pair of gloves
Will    .....                   (no boots)
Stlth   ..........              (no amulet)
HPRegen 0.06/turn               (no ring)
MPRegen 0.08/turn               (no ring)

@: repel missiles
A: sickness immunity, AC +2, negative energy resistance 1, electricity
resistance, torment resistance 1, petrification resistance
a: Renounce Religion, Channel Magic


You escaped.
You worshipped Sif Muna.
Sif Muna was aware of your devotion.
You visited 1 branch of the dungeon, and saw 1 of its levels.

You collected 49 gold pieces.

Inventory:

Hand Weapons
 a - a +0 war axe (weapon)
Armour
 b - a +0 scale mail (worn)
 c - a +0 buckler (worn)
 e - a scarf of repulsion (worn)
 f - a +0 pair of gloves (worn)
Scrolls
 g - a scroll of fog {unknown}
Potions
 d - a potion of might


   Skills:
 * Level 3.5 Fighting
 * Level 2.0 Axes
 + Level 3.3 Armour
 + Level 0.2 Dodging
 + Level 3.3 Shields
 * Level 0.8 Invocations


You had one spell level left.
You didn't know any spells.
Your spell library contained the following spells:

 Spells                   Type           Power      Damage    Failure   Level
 Gell's Gravitas          Tloc           0%         N/A       99%         3
 Lesser Beckoning         Tloc           0%         N/A       99%         3
 Teleport Other           Tloc           0%         N/A       99%         3


Dungeon Overview and Level Annotations

Branches:
Dungeon (1/15)

Altars:
Sif Muna


Innate Abilities, Weirdness & Mutations

You are immune to sickness and miasma.
Your stone body is resilient. (AC +2)
You are immune to poison.
You resist negative energy. (rN+)
You are resistant to electric shocks. (rElec)
You are resistant to unholy torment.
You are immune to petrification.


Message History

Found a faded altar of an unknown god.
You slash the hobgoblin!
You kill the hobgoblin!
No target in view!
No target in view!
No target in view!
No target in view!
No target in view!
No target in view!
No target in view!
No target in view!
No target in view!
No target in view!
No target in view!
No target in view!
No target in view!
No target in view!
No target in view!
No target in view!
You see here a hobgoblin corpse.
There is a faded altar of an unknown god here.
g - a scroll labelled WIGGIFFYOD You now have 49 gold pieces (gained 10).
There is a faded altar of an unknown god here.
You cannot tell which god this altar belongs to.
Convert to them anyway?
Sif Muna accepts your prayer! Sif Muna welcomes you!
You can now call upon Sif Muna for magical energy.
(D) Dungeon
Where to? (? - help)
What level of the Dungeon? (default 1, ? - help)
You see here a +0 short sword.
Found 6 gold pieces.
You see here a +0 scale mail.
You see here a +0 hand axe.
There is an open door here.
There is an open door here.
There is a staircase leading out of the dungeon here.
Are you sure you want to leave the Dungeon?
This will make you lose the game!
You have escaped!

#..).. #.....
#..... #.....
############.
##...##.......
######..#.....###..
#....#..####....#..
#.@..'..#..'.#.....
#....#.....#.#+##.#
######..###..# #.#
#.......# #.#
######### ###


There were no monsters in sight!

Vanquished Creatures
  An endoplasm (D:1)
  4 hobgoblins (D:1)
  2 quokkas (D:1)
  3 ball pythons (D:1)
  A frilled lizard (D:1)
  3 kobolds (D:1)
14 creatures vanquished.

Notes
Turn   | Place    | Note
-------+----------+-------------------------------------------
     0 | D:1      | HallandMoats the Gargoyle Fighter began the quest for the
                  | Orb.
     0 | D:1      | Reached XP level 1. HP: 14/14 MP: 1/1
    91 | D:1      | Reached XP level 2. HP: 16/19 MP: 2/2
   337 | D:1      | Found a faded altar of an unknown god.
   362 | D:1      | Prayed at the altar of an unknown god.
   362 | D:1      | Became a worshipper of Sif Muna the Loreminder
   362 | D:1      | Reached * piety under Sif Muna
   420 | D:$      | Got out of the dungeon alive.

Illustrated notes

Levels and vault maps discovered:
D:1:      dpeg_arrival_erosion, layout_rooms, basic_ecumenical_altar,
          minmay_domino_2

Skill      XL: |  1  2 |
---------------+-------+-----
Axes           | 2 |  2.0
Fighting       | |  3.5
Armour         | |  3.3
Dodging        | |  0.2
Shields        | |  3.3
Invocations    | |  0.8

Action                   || total
-------------------------++-------
Melee: War axe           ||    34
Armor: Scale mail        ||    19
Dodge: Dodged            ||    13
Block: Buckler           ||     5

Table legend: (Time is in decaauts)
 A = Elapsed time spent in this place.
 B = Non-inter-level travel time spent in this place.
 C = Inter-level travel time spent in this place.
 D = Time resting spent in this place.
 E = Time spent auto-exploring this place.
 F = Levels seen in this place.
 G = Mean time per level.
                   A        B        C        D        E       F      G
               +--------+--------+--------+--------+--------+-----+--------+
         Total |    435 |    379 |     56 |      0 |    241 |   1 |  435.0 |
       Dungeon |    435 |    379 |     56 |      0 |    241 |   1 |  435.0 |
               +--------+--------+--------+--------+--------+-----+--------+

Top non-repeatable levels by time:
     D:1: 435 daAuts
